 Dungeon Sprint DCSS version 0.30-a0-1043-g60ff8d5f49 (webtiles) character file.

Game seed: 4722696405715535378

137 dduke234 the Fighter (level 5, 0/66 HPs)
             Began as an Ogre Fighter on Apr 10, 2023.
             Slain by a gnoll sergeant
             ... wielding a +0 trident
              (13 damage)
             ... in the Dungeon (Sprint IX: "|||||||||||||||||||||||||||||").
             The game lasted 00:00:37 (43 turns).

dduke234 the Fighter (Ogre Fighter)                   Turns: 43, Time: 00:00:39

Health: 0/66       AC:  3    Str: 22    XL:     5   Next: 20%
Magic:  5/5        EV:  9    Int:  9    God:
Gold:   0          SH:  8    Dex:  8    Spells: 4/4 levels left

rFire   . . .      SeeInvis .    a - +0 trident
rCold   . . .      Faith    .    c - +0 kite shield
rNeg    . . .      Spirit   .    b - +0 robe
rPois   .          Reflect  .    (helmet restricted)
rElec   .          Rampage  .    (no cloak)
rCorr   .          NoTele   +    (gloves unavailable)
Will    .....                    (boots unavailable)
Stlth   +                        (no amulet)
HPRegen 0.31/turn                (no ring)
MPRegen 0.09/turn                (no ring)

@: on berserk cooldown, slowed, very slow
A: large, unfitting armour, tough skin 1
a: no special abilities


You were in the Dungeon.
You visited 1 branch

Inventory:

Hand Weapons
 a - a +0 trident (weapon)
Armour
 b - a +0 robe (worn)
 c - a +0 kite shield (worn)
Scrolls
 j - a scroll of blinking
Potions
 d - a potion of might
 e - a potion of curing
 f - a potion of heal wounds
 g - a potion of haste
 h - 2 potions of magic


   Skills:
 * Level 8.4 Fighting
 * Level 5.4 Polearms
 + Level 4.3 Dodging
 * Level 5.8 Shields


You had 4 spell levels left.
You didn't know any spells.
Your spell library was empty.

Dungeon Overview and Level Annotations

Branches:
Dungeon (1/1)

Altars:


Innate Abilities, Weirdness & Mutations

You are too large for most types of armour.
You have tough skin. (AC +1)


Message History

The ice beast barely misses you.
You hit the ice beast.
The ice beast is heavily wounded.
The ice beast hits you. The ice beast freezes you!
You barely miss the ice beast.
The ice beast is heavily wounded.
The ice beast hits you but does no damage.
You hit the ice beast.
The ice beast is severely wounded.
You block the ice beast's attack.
You puncture the ice beast!
You kill the ice beast!
Your Fighting skill gained 2 levels and is now at level 8!
Your Polearms skill gained 2 levels and is now at level 5!
Your Dodging skill increases to level 4!
Your Shields skill increases to level 5!
You have reached level 4!
You have reached level 5!
You puncture the iguana!
The iguana is heavily wounded.
You are no longer berserk.
You are exhausted.
You feel yourself slow down.
You closely miss the iguana.
The iguana is heavily wounded.
You block the iguana's attack. You block the gnoll sergeant's attack.
The iguana closely misses you.
You hit the iguana.
The iguana is almost dead.
The gnoll sergeant barely misses you.
The iguana bites you but does no damage.
The gnoll sergeant hits you from afar with a +0 trident.
You block the iguana's attack.
You closely miss the iguana.
The iguana is almost dead.
The gnoll sergeant hits you from afar with a +0 trident!
* * * LOW HITPOINT WARNING * * *
You block the iguana's attack.
The gnoll sergeant hits you from afar with a +0 trident!
You die...

▓.▓
▓.▓
▓.▓
▓)▓
▓.▓
▓.▓
▓.▓
▓.▓
▓@▓
▓l▓
▓g▓
▓.▓
▓.▓
▓.▓
▓.▓
▓+▓


You could see a gnoll sergeant and an iguana.

Vanquished Creatures
  An ice beast (D)
  An iguana (D)
  An adder (D)
  A hobgoblin (D)
  A ball python (D)
  A goblin (D)
  2 kobolds (D)
8 creatures vanquished.

Notes
Turn   | Place    | Note
-------+----------+-------------------------------------------
     0 | D        | dduke234 the Ogre Fighter began the quest for the Orb.
     0 | D        | Reached XP level 1. HP: 24/24 MP: 1/1
    22 | D        | Noticed an iguana
    22 | D        | Noticed an ice beast
    22 | D        | Noticed an iguana
    22 | D        | Noticed a gnoll sergeant
    31 | D        | Killed an iguana
    32 | D        | Reached skill level 6 in Fighting
    32 | D        | Reached XP level 2. HP: 27/36 MP: 2/2
    32 | D        | Reached XP level 3. HP: 33/44 MP: 3/3
    39 | D        | Killed an ice beast
    40 | D        | Reached skill level 8 in Fighting
    40 | D        | Reached skill level 5 in Polearms
    40 | D        | Reached skill level 5 in Shields
    40 | D        | Reached XP level 4. HP: 34/58 MP: 4/4
    40 | D        | Reached XP level 5. HP: 39/66 MP: 5/5
    43 | D        | Slain by a gnoll sergeant

Illustrated notes

Levels and vault maps discovered:
D:        linesprint [early_d, line_temple, items_1, d_10, items_2, lair_1,
          lair_end, items_3, orc_1, orc_end, items_4, d_15, swamp_1, shoals_1,
          snake_1, spider_1, d_20, vaults_1, items_5, swamp_end, shoals_end,
          snake_end, spider_end, vaults_end, d_27, items_6, zot_1, zot_end,
          crypt_end, forest_end, elf_end, slime_end, tomb_end, abyss_end,
          pan_hell_end]

Skill      XL: |  1  2  3 |
---------------+----------+-----
Fighting       | 6 8 |  8.4
Polearms       | 3 5 |  5.4
Dodging        | 3 4 |  4.3
Shields        | 4 5 |  5.8

Action                     |  1- 3 |  4- 6 || total
---------------------------+-------+-------++-------
  Melee: Trident           |    28 |     4 ||    32
    Use: Potion            |     1 |       ||     1
 Armour: Robe              |     5 |     1 ||     6
  Dodge: Dodged            |     5 |     2 ||     7
  Block: Kite shield       |     6 |     4 ||    10

Table legend: (Time is in decaauts)
 A = Elapsed time spent in this place.
 B = Non-inter-level travel time spent in this place.
 C = Inter-level travel time spent in this place.
 D = Time resting spent in this place.
 E = Time spent auto-exploring this place.
 F = Levels seen in this place.
 G = Mean time per level.
                   A        B        C        D        E       F      G
               +--------+--------+--------+--------+--------+-----+--------+
         Total |     46 |     46 |      0 |      0 |      3 |   1 |   46.0 |
       Dungeon |     46 |     46 |      0 |      0 |      3 |   1 |   46.0 |
               +--------+--------+--------+--------+--------+-----+--------+

Top non-repeatable levels by time:
       D: 46 daAuts
